Map: Ascension to Aiur LE

Players

MrMalfnction

  • Race: Terran Terran
  • League: Gold
  • Spawn Location: 5:00

jackriper - Winner!

  • Race: Terran Terran
  • League: Gold
  • Spawn Location: 11:00

VOD

Have the link to the VOD?

Description

Time

  • Played on: Aug. 13, 2017, 12:57 p.m.
  • Length: 12:51
Show
View Real Time Build Order
Export as new Build Order

MrMalfnction Terran 

Build Orders: Reaper Expand, MMM Bio 

Get SALT Encoding   

  12  0:00  SCV  
  13  0:13  SCV  
  14  0:17  Supply Depot  
  14  0:25  SCV  
  15  0:39  SCV  
  15  0:41  Barracks  
  16  0:45  Refinery  
  16  0:51  SCV  
  17  1:03  SCV  
  18  1:15  SCV  
  19  1:40  Command Center  
  19  1:41  Reaper  
  19  1:46  Orbital Command  
  20  1:54  Supply Depot  
  20  2:06  Barracks  
  20  2:12  SCV  
  21  2:25  SCV  
  21  2:27  Barracks Reactor  
  22  2:32  Refinery  
  22  2:36  Factory  
  22  2:40  SCV  
  23  3:08  Marine x2  
  23  3:09  Barracks Tech Lab  
  25  3:13  Engineering Bay  
  25  3:14  Orbital Command  
  25  3:17  SCV  
  26  3:24  Widow Mine  
  28  3:28  Stimpack  
  28  3:29  SCV, Marine  
  28  3:33  Marine  
  31  3:35  Marine  
  32  3:43  Missile Turret  
  32  3:50  Missile Turret  
  32  3:52  Marine  
  33  4:03  Starport  
  32  4:11  Marine x2  
  32  4:12  Marine  
  32  4:14  Factory Reactor  
  35  4:25  SCV, Supply Depot  
  35  4:29  Marine x2  
  38  4:32  Marine  
  38  4:37  SCV x2  
  41  4:45  Supply Depot  
  41  4:47  Marine x2  
  41  4:50  Marine  
  43  5:05  Marine x2  
  45  5:08  Medivac x2, Marine  
  45  5:11  Supply Depot  
  45  5:12  SCV x2  
  52  5:23  Marine  
  52  5:25  Factory Tech Lab  
  52  5:27  Marine x2  
  55  5:40  Marine  
  56  5:44  Marine x2  
  58  5:58  Marine  
  58  6:01  Barracks  
  58  6:02  Marine x2  
  58  6:03  Barracks  
  61  6:04  SCV x2  
  61  6:10  Refinery  
  63  6:16  Marine  
  64  6:20  Engineering Bay  
  52  6:33  Marine x2  
  52  6:34  Marine  
  49  6:51  Marine  
  49  6:52  Marine  
  51  6:54  Barracks Reactor x2  
  51  6:55  Combat Shields  
  51  6:57  SCV x2  
  53  7:05  Marine  
  54  7:09  SCV x2, Marine  
  54  7:10  Supply Depot  
  54  7:13  Terran Infantry Weapons Level 1  
  57  7:21  SCV x2  
  59  7:23  Viking  
  59  7:29  Viking  
  63  7:38  Refinery  
  63  7:46  SCV x2  
  63  7:51  Command Center  
  65  7:52  Marine  
  65  7:56  Marine  
  65  7:57  Marine  
  65  7:58  Marine  
  68  7:59  Marine  
  70  8:08  SCV x2, Marine  
  70  8:09  Marine  
  70  8:10  Marine  
  75  8:15  Barracks  
  75  8:20  Marine x3  
  78  8:29  Supply Depot  
  78  8:39  Terran Infantry Armor Level 1  
  78  8:44  Armory  
  78  8:50  Marine x4  
  78  8:51  Siege Tank  
  78  8:54  Supply Depot  
  78  8:55  Marine  
  86  9:02  Marine x2  
  88  9:04  Barracks Reactor  
  88  9:09  Orbital Command  
  88  9:12  SCV  
  89  9:17  Marine x2  
  91  9:28  SCV  
  91  9:29  SCV  
  91  9:31  Terran Infantry Weapons Level 2  
  93  9:33  Terran Vehicle Weapons Level 1  
  93  9:35  Marine  
  94  9:42  Marine  
  94  9:43  Marine x3  
  98  9:47  Marine x2  
  100  9:59  Supply Depot  
  100  10:02  Orbital Command  
  100  10:03  Supply Depot  
  100  10:05  SCV  
  100  10:06  SCV, Marine x2  
  100  10:07  Marine x3  
  107  10:25  Siege Tank  
  107  10:26  SCV  
  107  10:27  SCV  
  112  10:33  Terran Infantry Armor Level 2  
  112  10:35  Marine x3  
  115  10:43  SCV x3  
  115  10:47  Marine  
  115  10:48  Marine x2  
  121  10:57  Siege Tank  
  121  10:58  Supply Depot  
  121  10:59  Marine  
  121  11:00  Supply Depot  
  121  11:01  Supply Depot  
  125  11:19  Marine  
  126  11:27  SCV  
  126  11:29  SCV x2  
  125  11:39  SCV, Marine x4  
  86  11:40  Marine x5  
  86  11:41  SCV  
  92  11:48  SCV  
  92  11:51  SCV  
  92  11:52  Barracks  
  92  11:53  Barracks x2, SCV  
  95  11:57  Marine x5  
  95  11:58  Marine x4  
  104  12:06  Ghost Academy  
  104  12:14  Marine  
  104  12:15  Marine x5  
  108  12:16  Marine x3  
  113  12:32  Marine x2  
Show
View Real Time Build Order
Export as new Build Order

jackriper Terran - Winner!

Build Orders: 1/1/1 

Get SALT Encoding   

  12  0:01  SCV  
  13  0:14  Supply Depot  
  13  0:20  SCV  
  14  0:25  Refinery  
  14  0:34  SCV  
  15  0:44  Barracks  
  15  0:55  SCV  
  16  1:07  SCV  
  17  1:18  Refinery  
  17  1:19  SCV  
  18  1:31  Orbital Command  
  18  1:32  Supply Depot  
  18  1:33  Marine  
  19  1:44  Factory  
  19  1:52  Marine  
  20  1:57  SCV  
  21  2:09  SCV, Marine  
  23  2:20  Supply Depot  
  23  2:21  SCV  
  24  2:28  Starport  
  24  2:33  Factory Tech Lab  
  24  2:34  SCV  
  24  2:36  Marine  
  26  2:47  SCV  
  26  2:49  Supply Depot  
  27  3:04  Marine  
  28  3:07  SCV  
  28  3:09  Factory Tech Lab  
  29  3:16  Supply Depot  
  29  3:18  Supply Depot  
  29  3:22  Marine  
  30  3:34  Banshee  
  33  3:43  Siege Tank  
  33  3:46  SCV  
  37  3:49  Supply Depot  
  37  3:51  Supply Depot  
  37  3:56  Barracks Reactor  
  37  4:01  SCV  
  38  4:21  Command Center  
  38  4:27  Banshee  
  38  4:29  Siege Tank  
  44  4:38  Supply Depot  
  44  4:48  Marine x2  
  46  5:07  Siege Tank  
  49  5:15  SCV  
  50  5:21  Supply Depot  
  50  5:28  SCV  
  51  5:34  Starport Reactor  
  48  5:50  SCV  
  48  5:52  Orbital Command  
  48  5:54  Refinery  
  48  5:57  Refinery, Supply Depot  
  49  6:03  Barracks  
  49  6:05  Barracks  
  49  6:13  Siege Tank  
  49  6:15  Medivac, Viking  
  49  6:16  Marine  
  49  6:17  Marine  
  58  6:22  Factory  
  52  6:45  SCV x2  
  50  6:54  Barracks Tech Lab  
  50  6:56  Barracks Tech Lab  
  50  6:57  SCV x2  
  52  7:02  Supply Depot  
  52  7:06  Engineering Bay  
  52  7:11  SCV  
  52  7:12  SCV  
  54  7:18  Siege Tank x2  
  54  7:22  Marauder  
  62  7:23  SCV  
  62  7:24  SCV  
  62  7:26  Combat Shields  
  64  7:31  Stimpack  
  64  7:36  SCV x2  
  66  7:47  Sensor Tower  
  66  7:48  SCV x2  
  68  7:56  Sensor Tower  
  68  7:58  Terran Infantry Armor Level 1  
  68  8:00  SCV x2  
  68  8:04  Siege Tank x2  
  68  8:05  Marine  
  77  8:13  SCV x2  
  79  8:22  Marauder  
  79  8:23  Marauder  
  79  8:24  Marine x2  
  79  8:25  SCV  
  86  8:30  Viking  
  86  8:32  Medivac  
  90  8:54  Command Center  
  90  9:04  Siege Tank x2  
  90  9:08  Marauder x2, Marine x2  
  102  9:15  SCV  
  102  9:16  SCV  
  104  9:28  SCV x2  
  104  9:29  Marauder  
  108  9:34  Armory  
  108  9:36  Siege Tank  
  111  9:40  SCV  
  111  9:43  Sensor Tower  
  111  9:45  Siege Tank  
  115  9:53  Terran Infantry Weapons Level 1  
  115  9:54  Medivac, Viking  
  119  10:01  Marine x2  
  119  10:02  Marauder, Marine  
  124  10:19  Marine  
  125  10:37  Siege Tank x2  
  125  10:39  Marauder x2, Marine x2  
  125  10:42  SCV x3  
  140  10:45  Barracks  
  140  10:51  Barracks  
  140  10:53  Barracks  
  140  10:54  Orbital Command  
  140  10:57  Refinery  
  140  11:00  Refinery  
  140  11:17  Supply Depot x2  
  140  11:19  Supply Depot  
  140  11:32  Medivac, Marauder x2  
  141  11:33  Medivac  
  131  11:41  Supply Depot  
  131  11:50  Marine x2  
  131  11:51  Marine x3  
  131  11:53  Marauder x2  
  143  12:02  Medivac  
  143  12:08  Marine x3  
  142  12:09  Marine x2  
  142  12:14  Marauder x2  
  151  12:26  Marine  
Tags
 
Composition
MMM Bio
League
GoldGold
Matchup
TvT
Race
Terran
Spawn Locations
Cross Positions
Add a new tag
Caveats
  • Supply blocks, unpowered buildings, or Contaminate may cause inaccurate times.
  • Supply counts are checked every 10 seconds.